3A
DELAWARE 1787 BC @ PUT-IN-BAY BC
08/17/2028
 
TOP OF THE 1ST
Delaware 1787 BC batting - Pitching for Put-In-Bay BC : RHP Joe Shlabotnik
Pitching: RHP Joe Shlabotnik
Batting: RHB Jesús Guzmán 0-0: Called Strike
0-1: Ground out 6-3 (Groundball, 6)
Batting: LHB Donovan Inman 0-0: Ball
1-0: Ball
2-0: Called Strike
2-1: Ball
3-1: SINGLE (Line Drive, 5D)
Batting: RHB Eddie Sachs 0-0: Ball
Donovan Inman steals 2nd base
1-0: Fly out, F9 (Flyball, 9S)
Batting: LHB Kelvin Abbott 0-0: Ball
1-0: Called Strike
1-1: Ground out 4-3 (Groundball, 4)
Top of the 1st over - 0 run(s), 1 hit(s), 0 error(s), 1 left on base; Delaware 0 - Put-In-Bay 0
BOTTOM OF THE 1ST
Put-In-Bay BC batting - Pitching for Delaware 1787 BC : RHP Goodluck Obasanjo
Pitching: RHP Goodluck Obasanjo
Batting: RHB Alfie Hollington 0-0: Swinging Strike
0-1: Foul Ball, location: 2F
0-2: Ball
1-2: Ball
2-2: Strikes out swinging
Batting: RHB Andrew Cantrell 0-0: Swinging Strike
0-1: Foul Ball, location: 2F
0-2: Foul Ball, location: 2F
0-2: Ball
1-2: Ball
2-2: Ground out 6-3 (Groundball, 6M)
Batting: RHB Juan Tellado 0-0: Called Strike
0-1: Swinging Strike
0-2: Ball
1-2: Foul Ball, location: 2F
1-2: Ball
2-2: Ball
3-2: Fly out, F6 (Line Drive, 6)
Bottom of the 1st over - 0 run(s), 0 hit(s), 0 error(s), 0 left on base; Delaware 0 - Put-In-Bay 0
TOP OF THE 2ND
Delaware 1787 BC batting - Pitching for Put-In-Bay BC : RHP Joe Shlabotnik
Batting: RHB Mikko Haataja 0-0: Ball
1-0: Ball
2-0: Swinging Strike
2-1: Ball
3-1: Base on Balls
Batting: LHB Bryce Abood 0-0: Ball
1-0: Foul Ball, location: 2F
1-1: Swinging Strike
1-2: Strikes out looking
Batting: RHB Jeff Quesenberry 0-0: Ball
1-0: Ball
2-0: Ball
3-0: Called Strike
3-1: Base on Balls
Mikko Haataja to second
Batting: RHB Toyozo Yamasaki 0-0: Ball
1-0: Called Strike
1-1: Foul Ball, location: 2F
1-2: Foul Ball, location: 2F
1-2: Fly out, F7 (Flyball, 7S)
Batting: RHB Elwiin Hund 0-0: Swinging Strike
0-1: Called Strike
0-2: Foul Ball, location: 2F
0-2: Strikes out looking
Top of the 2nd over - 0 run(s), 0 hit(s), 0 error(s), 2 left on base; Delaware 0 - Put-In-Bay 0
BOTTOM OF THE 2ND
Put-In-Bay BC batting - Pitching for Delaware 1787 BC : RHP Goodluck Obasanjo
Batting: LHB Shelby Noonan 0-0: Called Strike
0-1: Called Strike
0-2: Foul Ball, location: 2F
0-2: Fly out, F7 (Line Drive, 7)
Batting: SHB Theron Montecalvo 0-0: Foul Ball, location: 2F
0-1: Foul Ball, location: 2F
0-2: Ball
1-2: Ball
2-2: Ball
3-2: Foul Ball, location: 2F
3-2: Strikes out looking
Batting: RHB Brock Dean 0-0: Swinging Strike
0-1: Ball
1-1: Ball
2-1: Ball
3-1: Ground out 6-3 (Groundball, 6)
Bottom of the 2nd over - 0 run(s), 0 hit(s), 0 error(s), 0 left on base; Delaware 0 - Put-In-Bay 0
TOP OF THE 3RD
Delaware 1787 BC batting - Pitching for Put-In-Bay BC : RHP Joe Shlabotnik
Batting: RHB Jesús Guzmán 0-0: Ball
1-0: Called Strike
1-1: Ball
2-1: Ball
3-1: Called Strike
3-2: Base on Balls
Batting: LHB Donovan Inman 0-0: Called Strike
0-1: Swinging Strike
0-2: Strikes out looking
Batting: RHB Eddie Sachs 0-0: Ball
Jesús Guzmán steals 2nd base
1-0: Foul Ball, location: 2F
1-1: Ground out 6-3 (Groundball, 6)
Jesús Guzmán to third
Batting: LHB Kelvin Abbott 0-0: Foul Ball, location: 2F
0-1: Ball
1-1: Ball
2-1: Ball
3-1: Called Strike
3-2: Base on Balls
Batting: RHB Mikko Haataja 0-0: Ball
1-0: Ball
2-0: Called Strike
2-1: Called Strike
2-2: Foul Ball, location: 2F
2-2: Strikes out swinging
Top of the 3rd over - 0 run(s), 0 hit(s), 0 error(s), 2 left on base; Delaware 0 - Put-In-Bay 0
BOTTOM OF THE 3RD
Put-In-Bay BC batting - Pitching for Delaware 1787 BC : RHP Goodluck Obasanjo
Batting: RHB Franklin Kelley 0-0: Ball
1-0: Ball
2-0: Ball
3-0: Base on Balls
Batting: RHB Ryan French 0-0: Called Strike
0-1: Ball
1-1: Ball
2-1: Ball
3-1: Called Strike
3-2: Fly out, F7 (Line Drive, 7)
Batting: RHB Oscar McMillan 0-0: Foul Ball, location: 2F
0-1: Foul Ball, location: 2F
0-2: Ball
Franklin Kelley is caught stealing 2nd base
1-2: Strikes out swinging
Bottom of the 3rd over - 0 run(s), 0 hit(s), 0 error(s), 0 left on base; Delaware 0 - Put-In-Bay 0
TOP OF THE 4TH
Delaware 1787 BC batting - Pitching for Put-In-Bay BC : RHP Joe Shlabotnik
Batting: LHB Bryce Abood 0-0: Ball
1-0: Ball
2-0: Ball
3-0: Base on Balls
Batting: RHB Jeff Quesenberry 0-0: Called Strike
0-1: Ball
1-1: SINGLE (Line Drive, 4M)
Bryce Abood to second
Runner from 2nd tries for 3rd, SAFE, throw made to third
Jeff Quesenberry to second
Batting: RHB Toyozo Yamasaki 0-0: Ball
1-0: Called Strike
1-1: Swinging Strike
1-2: Ball
2-2: Strikes out swinging
Batting: RHB Elwiin Hund 0-0: Foul Ball, location: 2F
0-1: Called Strike
0-2: Strikes out swinging
Batting: RHB Jesús Guzmán 0-0: Called Strike
0-1: Called Strike
0-2: Foul Ball, location: 2F
0-2: Ground out 4-3 (Groundball, 4)
Top of the 4th over - 0 run(s), 1 hit(s), 0 error(s), 2 left on base; Delaware 0 - Put-In-Bay 0
BOTTOM OF THE 4TH
Put-In-Bay BC batting - Pitching for Delaware 1787 BC : RHP Goodluck Obasanjo
Batting: RHB Alfie Hollington 0-0: Fly out, F7 (Flyball, 7)
Batting: RHB Andrew Cantrell 0-0: Ball
1-0: Foul Ball, location: 2F
1-1: Ball
2-1: Foul Ball, location: 2F
2-2: Ground out 5-3 (Groundball, 5)
Batting: RHB Juan Tellado 0-0: DOUBLE (Flyball, 7)
Batting: LHB Shelby Noonan 0-0: Ball
1-0: Foul Ball, location: 2F
1-1: DOUBLE (Flyball, 78D)
Juan Tellado scores
Batting: SHB Theron Montecalvo 0-0: SINGLE (Line Drive, 4MD)
Shelby Noonan to third
Runner from 3rd tries for Home, SAFE, no throw
Batting: RHB Brock Dean 0-0: Ball
1-0: Ground out 6-3 (Groundball, 56)
Bottom of the 4th over - 2 run(s), 3 hit(s), 0 error(s), 1 left on base; Delaware 0 - Put-In-Bay 2
TOP OF THE 5TH
Delaware 1787 BC batting - Pitching for Put-In-Bay BC : RHP Joe Shlabotnik
Batting: LHB Donovan Inman 0-0: Ball
1-0: Ball
2-0: Fly out, F3 (Popup, 3S)
Batting: RHB Eddie Sachs 0-0: Called Strike
0-1: SINGLE (Line Drive, 6MD)
Batting: LHB Kelvin Abbott 0-0: Ball
1-0: Called Strike
1-1: Swinging Strike
1-2: Ball
2-2: Strikes out swinging
Batting: RHB Mikko Haataja 0-0: Fly out, F9 (Flyball, 9LMF)
Top of the 5th over - 0 run(s), 1 hit(s), 0 error(s), 1 left on base; Delaware 0 - Put-In-Bay 2
BOTTOM OF THE 5TH
Put-In-Bay BC batting - Pitching for Delaware 1787 BC : RHP Goodluck Obasanjo
Batting: RHB Franklin Kelley 0-0: Called Strike
0-1: Ball
1-1: Ball
2-1: Fly out, F7 (Line Drive, 7D)
Batting: RHB Ryan French 0-0: Swinging Strike
0-1: Called Strike
0-2: Fly out, F3 (Line Drive, 3S)
Batting: RHB Oscar McMillan 0-0: Called Strike
0-1: Ball
1-1: DOUBLE (Line Drive, 9LM)
Batting: RHB Alfie Hollington 0-0: Fly out, F7 (Flyball, 78S)
Bottom of the 5th over - 0 run(s), 1 hit(s), 0 error(s), 1 left on base; Delaware 0 - Put-In-Bay 2
TOP OF THE 6TH
Delaware 1787 BC batting - Pitching for Put-In-Bay BC : RHP Joe Shlabotnik
Batting: LHB Bryce Abood 0-0: Called Strike
0-1: Ball
1-1: SOLO HOME RUN (Flyball, 89XD), Distance : 412 ft
Batting: RHB Jeff Quesenberry 0-0: Ground out 3-1 (Groundball, 34)
Batting: RHB Toyozo Yamasaki 0-0: Swinging Strike
0-1: Ball
1-1: Ball
2-1: Called Strike
2-2: Foul Ball, location: 2F
2-2: Foul Ball, location: 2F
2-2: Ground out 5-3 (Groundball, 56)
Batting: RHB Elwiin Hund 0-0: Ball
1-0: Called Strike
1-1: Foul Ball, location: 2F
1-2: Ball
2-2: Foul Ball, location: 2F
2-2: Foul Ball, location: 2F
2-2: Ball
3-2: Strikes out swinging
Top of the 6th over - 1 run(s), 1 hit(s), 0 error(s), 0 left on base; Delaware 1 - Put-In-Bay 2
BOTTOM OF THE 6TH
Put-In-Bay BC batting - Pitching for Delaware 1787 BC : RHP Goodluck Obasanjo
Batting: RHB Andrew Cantrell 0-0: Ball
1-0: Foul Ball, location: 2F
1-1: Ball
2-1: Ball
3-1: Foul Ball, location: 2F
3-2: Foul Ball, location: 2F
3-2: Base on Balls
Batting: RHB Juan Tellado 0-0: Ball
1-0: Ball
2-0: Ball
3-0: Base on Balls
Andrew Cantrell to second
Batting: LHB Shelby Noonan 0-0: Called Strike
0-1: Ball
1-1: Ball
2-1: Foul Ball, location: 2F
2-2: Ball
3-2: Strikes out looking
Batting: SHB Theron Montecalvo 0-0: Fielders Choice at 2nd, 3-6 (Groundball, 3)
Andrew Cantrell to third
Batting: RHB Brock Dean 0-0: Called Strike
0-1: Ball
1-1: Ball
2-1: Foul Ball, location: 2F
2-2: Foul Ball, location: 2F
2-2: Strikes out looking
Bottom of the 6th over - 0 run(s), 0 hit(s), 0 error(s), 2 left on base; Delaware 1 - Put-In-Bay 2
TOP OF THE 7TH
Delaware 1787 BC batting - Pitching for Put-In-Bay BC : RHP Joe Shlabotnik
Batting: RHB Jesús Guzmán 0-0: Ball
1-0: Ball
2-0: Foul Ball, location: 2F
2-1: Foul Ball, location: 2F
2-2: Ball
3-2: Base on Balls
Pitching: LHP Gerald Bolton
Batting: LHB Donovan Inman
Pinch Hitting: RHB Alejandro Sánchez 0-0: Bunt missed!
0-1: Sac Bunt - play at first, batter OUT! 1-4
Jesús Guzmán to second
Batting: RHB Eddie Sachs 0-0: Ball
1-0: Swinging Strike
1-1: Fly out, F7 (Flyball, 7LS)
Batting: LHB Kelvin Abbott 0-0: Ground out 3-1 (Groundball, 34)
Top of the 7th over - 0 run(s), 0 hit(s), 0 error(s), 1 left on base; Delaware 1 - Put-In-Bay 2
BOTTOM OF THE 7TH
Put-In-Bay BC batting - Pitching for Delaware 1787 BC : RHP Goodluck Obasanjo
Now in LF: Tobias Jimenez
Batting: RHB Franklin Kelley 0-0: Ball
1-0: Ball
2-0: Called Strike
2-1: Ground out 6-3 (Groundball, 56)
Batting: RHB Ryan French 0-0: Ball
1-0: Foul Ball, location: 2F
1-1: Ball
2-1: Reached on error, E4 (Popup, 34)
Pinch Hitting: LHB Vladya Pugiev 0-0: Swinging Strike
0-1: Called Strike
0-2: Ball
1-2: Ball
2-2: Fly out, F9 (Flyball, 9S)
Pitching: LHP Doppo Omikado
Pinch Hitting: RHB Eli Cline 0-0: Ball
1-0: Ball
2-0: Called Strike
2-1: Foul Ball, location: 2F
2-2: Fielders Choice at 2nd, 6-4 (Groundball, 6)
Bottom of the 7th over - 0 run(s), 0 hit(s), 1 error(s), 0 left on base; Delaware 1 - Put-In-Bay 2
TOP OF THE 8TH
Delaware 1787 BC batting - Pitching for Put-In-Bay BC : LHP Gerald Bolton
Pitching: RHP Carson Vancuren
Now at SS: Eli Cline
Now in RF: Vladya Pugiev
Batting: RHB Mikko Haataja 0-0: Ball
1-0: Ball
2-0: Swinging Strike
2-1: Ball
3-1: Base on Balls
Batting: LHB Bryce Abood 0-0: Ball
1-0: Ground out U3 (Groundball, 34)
Mikko Haataja to second
Pinch Hitting: RHB Randy Sheffield 0-0: Called Strike
0-1: Ball
1-1: Swinging Strike
1-2: Ball
2-2: Ball
3-2: Foul Ball, location: 2F
3-2: Strikes out looking
Batting: RHB Toyozo Yamasaki 0-0: Called Strike
0-1: Ball
1-1: Ground out 6-3 (Groundball, 6M)
Top of the 8th over - 0 run(s), 0 hit(s), 0 error(s), 1 left on base; Delaware 1 - Put-In-Bay 2
BOTTOM OF THE 8TH
Put-In-Bay BC batting - Pitching for Delaware 1787 BC : LHP Doppo Omikado
Now at 3B: John Willoughby
Batting: RHB Andrew Cantrell 0-0: Ball
1-0: Ball
2-0: Ball
3-0: Swinging Strike
3-1: Base on Balls
Batting: RHB Juan Tellado 0-0: Called Strike
0-1: Ball
1-1: Ground out 5-3 (Groundball, 56S)
Andrew Cantrell to second
Batting: LHB Shelby Noonan 0-0: 2-RUN HOME RUN (Flyball, 9LD), Distance : 356 ft
Batting: SHB Theron Montecalvo 0-0: Called Strike
0-1: Ball
1-1: Ball
2-1: Called Strike
2-2: Ball
3-2: Foul Ball, location: 2F
3-2: Base on Balls
Batting: RHB Brock Dean 0-0: Ball
1-0: SINGLE (Line Drive, 8LS)
Theron Montecalvo to second
Batting: RHB Franklin Kelley 0-0: Ball
1-0: Swinging Strike
1-1: Called Strike
1-2: Strikes out swinging
Batting: RHB Ryan French 0-0: Ground out 3-1 (Groundball, 3S)
Bottom of the 8th over - 2 run(s), 2 hit(s), 0 error(s), 2 left on base; Delaware 1 - Put-In-Bay 4
TOP OF THE 9TH
Delaware 1787 BC batting - Pitching for Put-In-Bay BC : RHP Carson Vancuren
Pitching: RHP Joaquin Farias
Batting: RHB Elwiin Hund 0-0: Foul Ball, location: 2F
0-1: Foul Ball, location: 2F
0-2: Ground out 5-3 (Groundball, 56S)
Batting: RHB Jesús Guzmán 0-0: Ball
1-0: Foul Ball, location: 2F
1-1: Foul Ball, location: 2F
1-2: Strikes out swinging
Batting: RHB Tobias Jimenez 0-0: Fly out, F6 (Line Drive, 56)
Top of the 9th over - 0 run(s), 0 hit(s), 0 error(s), 0 left on base; Delaware 1 - Put-In-Bay 4
Friday, August 25th, 2017 - OOTP Baseball 17.12 Build 75